 Dungeon Crawl Stone Soup version 0.18.1-50-g88ac8fd (webtiles) character file.

3575 Redfield the Destroyer (level 10, -1/56 HPs)
             Began as an Octopode Wizard on Oct 25, 2016.
             Was a High Priest of Sif Muna.
             Slain by Unysa's ghost (10 damage)
             ... on level 8 of the Dungeon.
             The game lasted 01:06:18 (11062 turns).

Redfield the Destroyer (Octopode Wizard)           Turns: 11062, Time: 01:06:20

Health: -1/56      AC:  1    Str:  6    XL:     10   Next: 10%
Magic:  16/22      EV: 12    Int: 23    God:    Sif Muna [*****.]
Gold:   390        SH:  0    Dex: 15    Spells: 5 memorised, 14 levels left

rFire  . . .     SeeInvis .     x - +1 shortbow (freeze)
rCold  . . .     Gourm    .     (shield currently unavailable)
rNeg   . . .     Faith    .     a - +0 hat
rPois  .         Spirit   .     (no amulet)
rElec  .         Dismiss  .     k - ring of sustain attributes
rCorr  +         Reflect  .     D - +3 ring of dexterity
SustAt +         Harm     .     G - ring of resist corrosion
MR     .....                    (no ring)
Stlth  +++.......               (no ring)
                                (no ring)
                                (no ring)
                                (no ring)

@: repel missiles, not resistant to hostile enchantments, fairly stealthy
A: almost no armour, amphibious, 8 rings, constrict 8, camouflage 1, gelatinous
body 1
a: Channel Energy, Forget Spell, Renounce Religion


You were on level 8 of the Dungeon.
You worshipped Sif Muna.
Sif Muna was extremely pleased with you.
You were very hungry.

You visited 2 branches of the dungeon, and saw 9 of its levels.

You collected 390 gold pieces.

Inventory:

Hand Weapons
 u - a +2 long sword of holy wrath
 x - a +1 shortbow of freezing (weapon)
 C - the +8 dagger of the Boar {flame, -Tele rPois rF- Str+8}
   (You took it off an orc on level 6 of the Dungeon)

   It has been specially enchanted to burn those struck by it, causing extra
   injury to most foes and up to half again as much damage against particularly
   susceptible opponents.
   It affects your strength (+8).
   It makes you vulnerable to fire.
   It protects you from poison.
   It prevents most forms of teleportation.
Missiles
 v - 7 steel tomahawks
 y - 112 arrows (quivered)
Armour
 a - a +0 hat (worn)
Jewellery
 k - a ring of sustain attributes (left tentacle)
 D - a +3 ring of dexterity (right tentacle)
 G - a ring of resist corrosion (on tentacle)
Wands
 E - a wand of paralysis (24/24)
Scrolls
 e - a scroll of random uselessness
 g - 2 scrolls of noise
 h - a scroll of identify
 n - 6 scrolls of remove curse
 o - a scroll of amnesia
 p - a scroll of recharging
 t - 4 scrolls of teleportation {unknown}
 A - 3 scrolls of immolation {unknown}
Potions
 d - 2 potions of cancellation
 f - a potion of magic {unknown}
 l - 3 potions of flight
 m - a potion of brilliance {unknown}
 q - a potion of lignification {unknown}
 r - 2 potions of invisibility {unknown}
 s - 2 potions of might
 w - 2 potions of resistance
 z - 3 potions of curing
 B - a potion of heal wounds {unknown}
 H - 2 potions of degeneration {unknown}
Books
 b - a book of Minor Magic

   Spells                             Type                      Level
   a - Magic Dart                     Conjuration                  1
   b - Blink                          Translocation                2
   c - Call Imp                       Summoning                    2
   d - Repel Missiles                 Charms/Air                   2
   e - Slow                           Hexes                        2
   f - Conjure Flame                  Conjuration/Fire             3
   g - Mephitic Cloud                 Conjuration/Poison/Air       3
Comestibles
 c - 10 bread rations
 i - a slice of pizza
 j - a royal jelly


   Skills:
 - Level 2.0 Dodging
 - Level 2.6 Stealth
 + Level 8.3 Spellcasting
 - Level 11.2 Conjurations
   Level 1.0 Summonings
 - Level 1.0 Translocations


You had 14 spell levels left.
You knew the following spells:

 Your Spells              Type           Power        Failure   Level  Hunger
a - Magic Dart            Conj           ####         1%          1    None
b - Blink                 Tloc           N/A          10%         2    None
c - Conjure Flame         Conj/Fire      #####...     1%          3    None
d - Mephitic Cloud        Conj/Pois/Air  ####....     6%          3    None
e - Repel Missiles        Chrm/Air       #.....       12%         2    None


Dungeon Overview and Level Annotations

Branches:
Dungeon (8/15)             Temple (1/1) D:7
   Lair: D:8-11

Altars:
Ashenzari
Cheibriados
Dithmenos
Elyvilon
Fedhas
Gozag
Kikubaaqudgha
Makhleb
Nemelex Xobeh
Okawaru
Ru
Sif Muna
Trog
Vehumet
Xom
Yredelemnul
Zin
The Shining One

Annotations:
D:8 Unysa's ghost, novice MiFi


Innate Abilities, Weirdness & Mutations

You cannot wear most types of armour.
You are amphibious.
You can wear up to eight rings at the same time.
You can use your tentacles to constrict eight enemies at once.
Your skin changes colour to match your surroundings (Stealth).
Your rubbery body absorbs attacks (AC +1).


Message History

Unysa's ghost is moderately damaged.
Unysa's ghost is engulfed in roaring flames.
Unysa's ghost hits you.
Casting: Conjure Flame
Confirm with . or Enter, or press ? or * to list all spells.
Aiming: Magic Dart
Press: ? - help, Shift-Dir - straight line, f/p - Unysa's ghost
Aim: Unysa's ghost (flame, moderately damaged)
The magic dart hits Unysa's ghost.
Unysa's ghost is moderately damaged.
Unysa's ghost is engulfed in roaring flames.
Unysa's ghost hits you!!
* * * LOW HITPOINT WARNING * * *
Casting: Magic Dart
Confirm with . or Enter, or press ? or * to list all spells.
You miscast Blink.
Sif Muna protects you from the effects of your miscast!
Unysa's ghost is engulfed in roaring flames.
Unysa's ghost hits you!
You die...

*#.W..# ###..##..W...###########
*#.#.## #..........##....W..(#
*#...# ##.#######ยง##.######.#
*#.#.# ##'#* #.##.# #.# ,(.(.#
##...#* #.##.#### #.#
*#.*##**##.....## #.......# #[#
,,,,,,,*#.......## ###..##.# #W#
*,,,**,*.........####...##.# #.#
,,,,,,,+........@W(....(.#.###.#
*,,,**,*.........####..........#
**,***,*#.......## ##.###.#####
**,***,*##.....## #####.#
,,,,,,,* ##...#* ##...#.#
**,***** ##+#* ##.###..# *,* #.#
#.## ##.# *,***###**#.# #.# #.#
*,,,,,...##.#######.## ##.#


You could see Unysa's ghost.

Vanquished Creatures
  The ghost of Drunkenshrew the Skirmisher, a novice DsFi (D:5)
  A deep elf mage (D:6)
  A spriggan (D:7)
  Menkaure (D:6)
  Duvessa (D:7)
  An orc warrior (D:7)
  An ice beast (D:5)
  A sky beast (D:8)
  A phantom (D:5)
  2 ogres
  3 centaurs
  2 giant frogs
  A wyvern skeleton (D:8)
  3 scorpions
  Dowan (D:7)
  9 killer bees (D:7)
  3 wights (D:6)
  3 crimson imps
  A howler monkey (D:5)
  A quasit (D:7)
  A giant frog skeleton (D:7)
  A hound (D:7)
  4 orc priests
  2 orc wizards
  3 iguanas
  5 worker ants
  4 gnolls (D:7)
  8 adders
  A shadow imp (D:6)
  2 adder skeletons
  2 worms (D:3)
  4 dart slugs
  4 giant geckos
  12 orcs
  2 bats
  4 giant cockroaches
  2 gnoll zombies (D:4)
  6 goblins
  9 hobgoblins
  5 jackals
  3 quokkas
  9 giant newts
  A jackal skeleton (D:4)
  A jackal zombie (D:7)
  6 kobolds
  4 rats
143 creatures vanquished.

Vanquished Creatures (others)
  4 withered plants (D:5)
4 creatures vanquished.

Grand Total: 147 creatures vanquished

Notes
Turn   | Place    | Note
--------------------------------------------------------------
     0 | D:1      | Redfield the Octopode Wizard began the quest for the Orb.
     0 | D:1      | Reached XP level 1. HP: 11/11 MP: 4/4
     6 | D:1      | Noticed a swamp drake
     6 | D:1      | Noticed a polar bear
     6 | D:1      | Noticed an iguana
     6 | D:1      | Noticed a salamander
   104 | D:1      | Reached skill level 2 in Conjurations
   104 | D:1      | Reached XP level 2. HP: 11/17 MP: 1/6
   849 | D:1      | Learned a level 2 spell: Blink
   902 | D:2      | Reached XP level 3. HP: 20/21 MP: 2/7
  1104 | D:2      | Reached skill level 3 in Conjurations
  1218 | D:2      | Found a shattered altar of Ashenzari.
  1252 | D:2      | Found a deep blue altar of Sif Muna.
  1258 | D:2      | Became a worshipper of Sif Muna the Loreminder
  1296 | D:2      | Found a radiant altar of Vehumet.
  1447 | D:2      | Found a bloodstained altar of Trog.
  1929 | D:3      | Reached XP level 4. HP: 27/27 MP: 5/8
  2143 | D:3      | Reached skill level 4 in Conjurations
  2386 | D:3      | Learned a level 3 spell: Conjure Flame
  2390 | D:3      | Learned a level 3 spell: Mephitic Cloud
  2987 | D:3      | Found a sacrificial altar of Ru.
  3098 | D:4      | Found a blossoming altar of Fedhas.
  3099 | D:4      | Noticed a centaur
  3114 | D:4      | Killed a centaur
  3114 | D:4      | Reached skill level 5 in Conjurations
  3114 | D:4      | Reached XP level 5. HP: 31/31 MP: 1/9
  3184 | D:4      | Reached * piety under Sif Muna
  3202 | D:4      | Noticed an ogre
  3258 | D:4      | Killed an ogre
  3258 | D:4      | Reached skill level 6 in Conjurations
  3258 | D:4      | Reached XP level 6. HP: 36/36 MP: 0/10
  3745 | D:4      | Found a basalt altar of Yredelemnul.
  3882 | D:5      | Entered Level 5 of the Dungeon
  3914 | D:5      | Noticed Drunkenshrew's ghost (novice DsFi)
  3938 | D:5      | Noticed a sky beast
  4163 | D:5      | Found an ancient bone altar of Kikubaaqudgha.
  4450 | D:5      | Reached skill level 7 in Conjurations
  4450 | D:5      | Reached XP level 7. HP: 33/41 MP: 0/11
  4510 | D:5      | Learned a level 2 spell: Repel Missiles
  4704 | D:5      | Found a glowing silver altar of Zin.
  5113 | D:5      | Reached ** piety under Sif Muna
  5423 | D:5      | Killed Drunkenshrew's ghost
  5423 | D:5      | Reached skill level 9 in Conjurations
  5423 | D:5      | Reached XP level 8. HP: 13/46 MP: 4/12
  5818 | D:5      | Reached *** piety under Sif Muna
  6142 | D:6      | Noticed a deep elf mage
  6163 | D:6      | Killed a deep elf mage
  6163 | D:6      | Reached skill level 10 in Conjurations
  6461 | D:6      | Noticed Menkaure
  6731 | D:6      | Found a glowing golden altar of the Shining One.
  6770 | D:6      | Found a glowing golden altar of the Shining One.
  6899 | D:6      | Got a crystal dagger {flame}
  6972 | D:6      | Identified the +8 dagger of the Boar {flame, -Tele rPois rF- Str+8} (You took it off an orc on level 6 of the Dungeon)
  7180 | D:6      | Reached skill level 11 in Conjurations
  7180 | D:6      | Reached XP level 9. HP: 51/51 MP: 4/13
  7338 | D:6      | Reached **** piety under Sif Muna
  7987 | D:6      | Found a burning altar of Makhleb.
  8562 | D:7      | Noticed Duvessa
  8562 | D:7      | Noticed Dowan
  8743 | D:7      | Killed Dowan
  8767 | D:7      | Killed Duvessa
  8767 | D:7      | Reached skill level 5 in Spellcasting
  8771 | D:7      | Found a staircase to the Ecumenical Temple.
  8806 | D:7      | Found a sparkling altar of Nemelex Xobeh.
  8839 | Temple   | Entered the Ecumenical Temple
  9097 | D:7      | Found a white marble altar of Elyvilon.
  9393 | D:7      | Reached ***** piety under Sif Muna
  9528 | D:6      | Killed Menkaure
 10531 | D:8      | Reached XP level 10. HP: 56/56 MP: 15/21
 10966 | D:8      | Noticed Unysa's ghost (novice MiFi)
 11062 | D:8      | Slain by Unysa's ghost

Skill      XL: |  1  2  3  4  5  6  7  8  9 10 |
---------------+-------------------------------+-----
Conjurations   | 2 3 5 6 7 9 11 | 11.2
Spellcasting   | 7 8 |  8.3
Dodging        | |  2.0
Stealth        | |  2.6
Summonings     | |  1.0
Translocations | |  1.0

Action                   |  1- 3 |  4- 6 |  7- 9 | 10-12 || total
-------------------------+-------+-------+-------+-------++-------
Melee: Hand axe          |     7 |    16 |       |       ||    23
       Tentacles         |     2 |     1 |     1 |       ||     4
       Unarmed           |     1 |       |       |       ||     1
       Constrict         |     1 |     6 |     1 |       ||     8
       Long sword        |       |       |     3 |       ||     3
 Fire: Shortbow          |       |       |   183 |    32 ||   215
 Cast: Magic Dart        |    75 |   140 |   201 |    16 ||   432
       Mephitic Cloud    |       |     2 |    20 |       ||    22
       Conjure Flame     |       |     7 |    30 |    10 ||    47
       Repel Missiles    |       |       |     3 |       ||     3
       Blink             |       |       |     3 |     3 ||     6
  Use: Scroll            |       |       |    11 |     1 ||    12
  Eat: Chunk             |     3 |     8 |    18 |     1 ||    30
       Pizza             |       |       |     1 |       ||     1
       Beef jerky        |       |       |     1 |       ||     1
Armor: Skin              |     2 |     2 |     3 |       ||     7
Dodge: Dodged            |    14 |    15 |    29 |     5 ||    63
       Deflected         |       |       |     5 |       ||     5
